 Dungeon Crawl Stone Soup version 0.17.1-3-g152610e (webtiles) character file.

69 onionbog the Scratcher (level 4, -4/21 HPs)
             Began as a Felid Monk on Feb 29, 2016.
             Slain by an orc warrior
             ... wielding a +0 halberd
              (10 damage)
             ... on level 3 of the Dungeon.
             The game lasted 00:07:35 (2528 turns).

onionbog the Scratcher (Felid Monk)                 Turns: 2528, Time: 00:07:35

Health: -4/21      AC:  1    Str:  8    XL:     4   Next: 2%
Magic:  5/5        EV: 21    Int: 11    God:
Gold:   182        SH:  0    Dex: 18    Spells: 0 memorised, 3 levels left
                                        Lives:  0   Deaths: 1

rFire  . . .     SeeInvis +       - Unarmed
rCold  . . .     Clarity  .     (armour unavailable)
rNeg   . . .     SustAt   .     (shield unavailable)
rPois  .         Gourm    .     (helmet unavailable)
rElec  .         Spirit   .     (cloak unavailable)
rCorr  .         Warding  .     (gloves unavailable)
rMut   .         Stasis   .     (boots unavailable)
MR     .....                    (no amulet)
Stlth  +++.......               (no ring)
                                (no ring)

@: quick, not resistant to hostile enchantments, fairly stealthy
A: no armour, no weapons or thrown items, claws 1, fangs 3, see invisible,
carnivore 3, speed 1, shaggy fur 1, slow metabolism 1, sharp paws
a: no special abilities


You were on level 3 of the Dungeon.
You were not hungry.

You visited 1 branch of the dungeon, and saw 3 of its levels.

You collected 182 gold pieces.

Inventory:

Wands
 o - a wand of magic darts (19)
Scrolls
 b - a scroll of random uselessness {unknown}
 d - 3 scrolls of identify {unknown}
 e - a scroll of noise {unknown}
 h - 2 scrolls of fog {unknown}
 i - a scroll of blinking {unknown}
 j - 2 scrolls of teleportation {unknown}
 l - a scroll of amnesia {unknown}
 m - a scroll of enchant weapon {unknown}
 n - a scroll of magic mapping {unknown}
Potions
 c - 3 potions of curing {unknown}
 f - 4 potions of flight {unknown}
 g - 2 potions of degeneration {unknown}
 p - a potion of might {unknown}
Comestibles
 a - 2 meat rations
 k - a beef jerky


   Skills:
 - Level 3.0 Fighting
 + Level 5.3 Dodging
 - Level 2.6 Stealth
 * Level 5.7 Unarmed Combat


You had 3 spell levels left.
You didn't know any spells.

Dungeon Overview and Level Annotations

Branches:
Dungeon (3/15)

Altars:
Cheibriados
Fedhas
Okawaru
Yredelemnul
The Shining One


Innate Abilities, Weirdness & Mutations

You cannot wear armour.
You are incapable of wielding weapons or throwing items.
You have sharp claws.
You have razor-sharp teeth.
You have supernaturally acute eyesight.
You are carnivorous and can eat meat at any time.
You cover ground quickly.
You are covered in fur (AC +1).
You have a slow metabolism.
Your sharp claws are effective at attacking unaware monsters.


Message History

The orc warrior is heavily wounded.
The orc warrior misses you.
You barely miss the orc warrior. Your bite misses the orc warrior.
The orc warrior is heavily wounded.
The orc warrior misses you.
You scratch the orc warrior but do no damage.
The orc warrior is heavily wounded.
You scratch the orc warrior.
The orc warrior is heavily wounded.
The orc warrior completely misses you.
You scratch the orc warrior.
You bite the orc warrior, but do no damage.
The orc warrior is severely wounded.
The orc warrior hits you with a +0 halberd!
Ouch! That really hurt!
* * * LOW HITPOINT WARNING * * *
You scratch the orc warrior. You bite the orc warrior.
The orc warrior is severely wounded.
The orc warrior hits you with a +0 halberd!
You die...

##... #############..##
#................
#.##########..### ##.#
#............ ##### #..#
#....########
##...####.####...#########
#.......o...............).
##....###@###...##########
####.....##..#.#
#####..#.##.# #
#####......##.# #
#........###..# #
#..÷.....###.## #
#..........#.# ##
#......[.#...# ###†
#........#...# #...


You could see an orc warrior.

Vanquished Creatures
  An orc wizard (D:3)
  3 adders (D:2)
  2 oozes
  4 worms
  2 giant geckos
  An orc (D:3)
  5 giant cockroaches
  6 hobgoblins
  5 jackals
  3 quokkas
  A ball python (D:2)
  5 bats
  7 giant newts
  9 goblins
  5 kobolds
  8 rats
67 creatures vanquished.

Notes
Turn   | Place    | Note
--------------------------------------------------------------
     0 | D:1      | onionbog the Felid Monk began the quest for the Orb.
     0 | D:1      | Reached XP level 1. HP: 10/10 MP: 2/2
    59 | D:1      | Found an iron altar of Okawaru.
   415 | D:1      | Reached XP level 2. HP: 12/14 MP: 3/3
  1034 | D:2      | Found a basalt altar of Yredelemnul.
  1045 | D:2      | Reached XP level 3. HP: 17/17 MP: 4/4
  1460 | D:2      | Found a snail-covered altar of Cheibriados.
  1797 | D:2      | Reached skill level 5 in Unarmed Combat
  1881 | D:2      | Reached skill level 5 in Dodging
  1881 | D:2      | Reached XP level 4. HP: 19/21 MP: 5/5
  1926 | D:2      | Found a blossoming altar of Fedhas.
  1928 | D:2      | Found a snail-covered altar of Cheibriados.
  2127 | D:3      | Found a glowing golden altar of the Shining One.
  2271 | D:3      | Noticed an orc warrior
  2423 | D:3      | Demolished by an orc warrior
  2424 | D:3      | Reached XP level 3. HP: -18/17 MP: 4/4
  2442 | D:3      | Reached XP level 4. HP: 21/21 MP: 5/5
  2528 | D:3      | Slain by an orc warrior

Action                   |  1- 3 |  4- 6 || total
-------------------------+-------+-------++-------
Melee: Unarmed           |   116 |    58 ||   174
 Stab: Sleeping          |    15 |     8 ||    23
  Eat: Chunk             |     7 |     3 ||    10
